[Event "Titled Tuesday Blitz October 25 Late 2022"]
[White "Sjugirov, Sanan"]
[Black "Richter, Paul"]
[WhiteFideId "4189302"]
[BlackFideId "2046350"]
[WhiteElo "2609"]
[BlackElo "2595"]
[Result "1-0"]
[Round "02"]
[TimeControl "180+1"]
[Date "2022.10.26"]
[WhiteClock "0:00:12"]
[BlackClock "0:00:04"]

1. d4 Nf6 2. Bg5 g6 3. Nd2 d5 4. e3 Bg7 5. Bd3 O-O 6. Ngf3 c5 7. c3 Nc6 8. dxc5 e5 9. Be2 a5 10. a4 Qe7 11. Nb3 h6 12. Bxf6 Qxf6 13. Qxd5 Be6 14. Qd1 Rad8 15. Qc2 g5 16. e4 g4 17. Nfd2 h5 18. Nc4 Bh6 19. O-O h4 20. Rad1 Kh8 21. Ncxa5 Rxd1 22. Bxd1 g3 23. Nxc6 bxc6 24. Qe2 gxh2+ 25. Kh1 Rg8 26. Qh5 Rg5 27. Qxh4 Qg6 28. Qxh2 Bxb3 29. Bf3 Bc4 30. Rd1 Be6 31. Kg1 Kg7 32. a5 Bg4 33. Bxg4 Rxg4 34. Qxe5+ Kh7 35. g3 Bf4 36. Qf5 Bxg3 37. Qxg6+ Rxg6 38. fxg3 Rxg3+ 39. Kf2 Rh3 40. Kg2 Rh5 41. b4 Rh4 42. a6 Rxe4 43. a7 Re8 44. Rd7 Kg6 45. Rd6+ Kf5 46. Rxc6 Re2+ 47. Kf3 Ra2 48. Rc7 f6 49. b5 Ke5 50. b6 Kd5 51. b7 Ra3 52. b8=Q Rxc3+ 53. Ke2 Kc4 54. Qg8+ Kb5 55. Rb7+ Kc6 56. Rb6+ Kxc5 57. Qc8+ Kxb6 58. Qxc3 Kxa7 59. Kd3 1-0


[Site "https://www.chess.com"]

[Event "Titled Tuesday Blitz October 25 Late 2022"]
[White "Sorokin, Aleksey"]
[Black "Tayar, Jonathan"]
[WhiteFideId "24176460"]
[BlackFideId "2606534"]
[WhiteElo "2476"]
[BlackElo "2406"]
[Result "1-0"]
[Round "02"]
[TimeControl "180+1"]
[Date "2022.10.26"]
[WhiteClock "0:01:17"]
[BlackClock "0:00:23"]

1. c4 g6 2. Nc3 Bg7 3. d4 Nf6 4. e4 d6 5. Nf3 O-O 6. Be2 e5 7. O-O Nc6 8. d5 Ne7 9. b4 a5 10. bxa5 Rxa5 11. a4 Nh5 12. Re1 f5 13. Bd2 Nf4 14. Bf1 Ra8 15. Ra3 h6 16. Bxf4 exf4 17. e5 dxe5 18. Nxe5 Qd6 19. Nb5 Qc5 20. Nd3 Qxc4 21. Rxe7 Qxd5 22. Nxc7 Qd6 23. Qb3+ Kh8 24. Rxg7 Kxg7 25. Nxa8 Be6 26. Qb2+ Kh7 27. Nb6 f3 28. gxf3 f4 29. Ne5 h5 30. Rd3 Qe7 31. Ned7 Rf5 32. Qa3 Qh4 33. Nf8+ Rxf8 34. Qxf8 Bf5 35. Rd8 1-0


[Site "https://www.chess.com"]

[Event "Titled Tuesday Blitz October 25 Late 2022"]
[White "Souleidis, Georgios"]
[Black "Ohanyan, Emin"]
[WhiteFideId "4206827"]
[BlackFideId "13312022"]
[WhiteElo "2401"]
[BlackElo "2302"]
[Result "1-0"]
[Round "02"]
[TimeControl "180+1"]
[Date "2022.10.26"]
[WhiteClock "0:00:28"]
[BlackClock "0:00:27"]

1. e4 e5 2. Nc3 Nf6 3. d4 exd4 4. Qxd4 Nc6 5. Qd3 Bb4 6. Bd2 O-O 7. O-O-O Re8 8. Nge2 d6 9. Bg5 h6 10. Bxf6 Qxf6 11. Nd5 Qd8 12. Nxb4 Nxb4 13. Qd2 Nc6 14. Nc3 Be6 15. f3 a6 16. g4 b5 17. h4 b4 18. Nd5 a5 19. g5 h5 20. Rg1 Ne5 21. Be2 Bxd5 22. Qxd5 Ng6 23. Bc4 Qe7 24. Qf5 Nxh4 25. Qh3 Ng6 26. Qxh5 Kf8 27. Bd5 Rab8 28. f4 Qd7 29. f5 Ne5 30. Qh8+ Ke7 31. Qxg7 Kd8 32. Qf6+ Kc8 33. g6 fxg6 34. fxg6 c6 35. g7 cxd5 36. g8=Q Rxg8 37. Rxg8+ Kc7 38. Rg7 1-0


[Site "https://www.chess.com"]

[Event "Titled Tuesday Blitz October 25 Late 2022"]
[White "Stanisz, Patryk"]
[Black "Tang, Andrew"]
[WhiteFideId "1123106"]
[BlackFideId "2059630"]
[WhiteElo "2069"]
[BlackElo "2581"]
[Result "0-1"]
[Round "02"]
[TimeControl "180+1"]
[Date "2022.10.26"]
[WhiteClock "0:00:14"]
[BlackClock "0:01:47"]

1. d4 e5 2. g3 exd4 3. Qxd4 Nc6 4. Qd1 h5 5. h4 Nf6 6. Bg5 d5 7. Bg2 Bc5 8. e3 Qd6 9. c3 Bg4 10. Qb3 O-O-O 11. Bxf6 Qxf6 12. Nd2 Rhe8 13. Nf1 Bb6 14. Bh3 d4 15. Bxg4+ hxg4 16. O-O-O dxe3 17. Rxd8+ Rxd8 18. Nxe3 Bxe3+ 19. fxe3 Qf1+ 0-1


[Site "https://www.chess.com"]

[Event "Titled Tuesday Blitz October 25 Late 2022"]
[White "Storey, Charles H"]
[Black "Cortes Orihuela, Javier"]
[WhiteFideId "406686"]
[BlackFideId "3414329"]
[WhiteElo "2252"]
[BlackElo "2080"]
[Result "0-1"]
[Round "02"]
[TimeControl "180+1"]
[Date "2022.10.26"]
[WhiteClock "0:01:40"]
[BlackClock "0:00:05"]

1. c4 e5 2. g3 c6 3. Bg2 d5 4. cxd5 cxd5 5. d4 e4 6. Nc3 Nf6 7. Bg5 Nbd7 8. e3 Bd6 9. Nge2 h6 10. Bxf6 Nxf6 11. Qb3 O-O 12. O-O Bg4 13. Qxb7 Rb8 14. Qxa7 Rxb2 15. Nf4 Bxf4 16. exf4 Qc8 17. Nd1 Bxd1 18. Raxd1 Qc2 19. a4 e3 20. Rc1 exf2+ 21. Kh1 Qe2 22. a5 Ne4 23. Qd7 Nd2 24. Qxd5 Nxf1 25. Rxf1 Ra2 26. f5 Qd2 27. f6 Rxa5 28. Qf3 Ra2 29. fxg7 Kxg7 30. Qg4+ Qg5 31. Qf3 Qf6 32. Qb3 Re2 33. d5 Rfe8 34. h3 Re1 35. Kh2 Rxf1 36. Bxf1 Re1 37. Qd3 Qe5 38. d6 Re3 39. Qxe3 Qxe3 40. d7 Qd4 41. Bb5 f1=Q 42. Bxf1 Qxd7 43. Bg2 Qd6 44. h4 h5 45. Kh3 Kf6 46. Bf3 Qe5 47. Bd1 Qe1 48. Bxh5 Qh1+ 49. Kg4 Qd1+ 50. Kf4 Qxh5 51. Ke3 Qe5+ 52. Kf3 Qc3+ 53. Kg2 Kg6 54. Kh3 Kh5 55. Kg2 Kg4 56. Kh1 Qf3+ 0-1


[Site "https://www.chess.com"]

[Event "Titled Tuesday Blitz October 25 Late 2022"]
[White "Stoyanov, Tsvetan"]
[Black "Jimenez Almeida, Luis David"]
[WhiteFideId "2917173"]
[BlackFideId "22242244"]
[WhiteElo "2349"]
[BlackElo "2158"]
[Result "1-0"]
[Round "02"]
[TimeControl "180+1"]
[Date "2022.10.26"]
[WhiteClock "0:00:05"]
[BlackClock "0:00:15"]

1. Nf3 Nf6 2. g3 d5 3. Bg2 e6 4. O-O Be7 5. d4 O-O 6. c4 dxc4 7. Ne5 Nc6 8. Bxc6 bxc6 9. Nxc6 Qe8 10. Nxe7+ Qxe7 11. Qa4 e5 12. dxe5 Qxe5 13. Qxc4 Be6 14. Qc2 Bf5 15. Qc4 Be6 16. Qf4 Qxe2 17. Nc3 Qh5 18. Qg5 Qf3 19. Qf4 Qh5 20. Qg5 Qh3 21. Qh4 Qxh4 22. gxh4 Rab8 23. b3 Rfd8 24. Bf4 Rd4 25. Bg3 Rc8 26. Rad1 Rxd1 27. Rxd1 c5 28. Nb5 h6 29. Rc1 a6 30. Nd6 Rc6 31. Nb7 c4 32. Na5 Rc5 33. Nxc4 Ne4 34. Bf4 g5 35. Be3 Rc8 36. hxg5 hxg5 37. Ne5 Rd8 38. Nc6 Rd3 39. Nb4 Rd6 40. Kg2 a5 41. Nc2 f5 42. f4 g4 43. Nd4 Bd7 44. Rc7 Nf6 45. Ra7 Nd5 46. Kf2 a4 47. bxa4 Nc3 48. a5 Kh7 49. a6 Kg6 50. Ra8 Ne4+ 51. Ke2 Rb6 52. a7 Rb2+ 53. Kd3 Rxa2 54. Rg8+ Kh7 55. a8=Q Rxa8 56. Rxa8 g3 57. hxg3 Nxg3 58. Ra7 1-0


[Site "https://www.chess.com"]

[Event "Titled Tuesday Blitz October 25 Late 2022"]
[White "Suder, Jakub"]
[Black "Faizrakhmanov, Ramil"]
[WhiteFideId "1195310"]
[BlackFideId "24103209"]
[WhiteElo "2174"]
[BlackElo "2421"]
[Result "1-0"]
[Round "02"]
[TimeControl "180+1"]
[Date "2022.10.26"]
[WhiteClock "0:00:14"]
[BlackClock "0:00:40"]

1. d4 Nf6 2. c4 e6 3. Nc3 Bb4 4. Qb3 c5 5. dxc5 Nc6 6. Nf3 Ne4 7. Bd2 Nxd2 8. Nxd2 Bxc5 9. e3 O-O 10. Rd1 a6 11. Nde4 Be7 12. c5 Rb8 13. Be2 b6 14. cxb6 d5 15. Na4 Bd7 16. Nec5 Bxc5 17. Nxc5 Rxb6 18. Qc3 Nb8 19. O-O Bb5 20. Bxb5 Rxb5 21. Rc1 Qb6 22. Nd3 Nd7 23. b4 Qb8 24. Qc6 Nb6 25. a4 Rc8 26. axb5 Rxc6 27. bxc6 Na8 28. h3 h5 29. Nc5 Nc7 30. Ra1 Qb5 31. Rfc1 e5 32. Nxa6 Nxa6 33. Rxa6 Qxa6 34. c7 Qc8 35. b5 d4 36. exd4 exd4 37. b6 Kh7 38. b7 Qxb7 39. c8=Q Qd5 40. Qc2+ d3 41. Qd2 1-0


[Site "https://www.chess.com"]

[Event "Titled Tuesday Blitz October 25 Late 2022"]
[White "Sztokbant, Bernardo Vainzoff"]
[Black "Sailer, Mike"]
[WhiteFideId "2115956"]
[BlackFideId "2012901"]
[WhiteElo "2171"]
[BlackElo "2109"]
[Result "1-0"]
[Round "02"]
[TimeControl "180+1"]
[Date "2022.10.26"]
[WhiteClock "0:00:10"]
[BlackClock "0:00:15"]

1. Nf3 d5 2. d4 Nf6 3. c4 Bf5 4. Nc3 e6 5. Qb3 Nc6 6. cxd5 exd5 7. Bg5 Bb4 8. e3 O-O 9. Be2 h6 10. Bxf6 Qxf6 11. O-O Bxc3 12. bxc3 Qd6 13. Qxb7 Rab8 14. Qa6 Rb6 15. Qa4 Rfb8 16. h3 Rb2 17. Rfe1 Bc2 18. Qa6 R2b6 19. Rac1 Rxa6 20. Bxa6 Be4 21. Nd2 Nxd4 22. cxd4 Qxa6 23. Rxc7 Qxa2 24. Nxe4 dxe4 25. Rcc1 a5 26. Ra1 Qd5 27. Rec1 Ra8 28. Rc5 Qd8 29. Ra4 Qb6 30. g4 g6 31. Kg2 Kg7 32. Re5 Ra7 33. d5 Qd6 34. Rexe4 Qxd5 35. Kg3 Qd6+ 36. Kg2 Qc6 37. Kg3 Qd5 38. h4 h5 39. Rad4 Qb3 40. gxh5 gxh5 41. Ra4 Qb1 42. Kg2 Qe1 43. Re5 Qd1 44. Rg5+ Kf6 45. Rd4 a4 46. Rxd1 a3 47. Rxh5 a2 48. Ra1 Kg6 49. Rg5+ Kf6 50. Kg3 Ra4 51. Rg4 Ra3 52. Rf4+ Kg6 53. Kf3 f5 54. Ke2 Ra4 55. Rxa4 f4 56. Rxf4 Kh5 57. Rxa2 Kg6 58. Ra5 Kh6 59. Rf6+ Kg7 60. Rb6 1-0


[Site "https://www.chess.com"]

[Event "Titled Tuesday Blitz October 25 Late 2022"]
[White "Tan, Ralph"]
[Black "Fajdetic, Hrvoje"]
[WhiteFideId "30966590"]
[BlackFideId "14501945"]
[WhiteElo "2059"]
[BlackElo "2172"]
[Result "0-1"]
[Round "02"]
[TimeControl "180+1"]
[Date "2022.10.26"]
[WhiteClock "0:00:10"]
[BlackClock "0:00:23"]

1. Nf3 d6 2. d4 Nd7 3. g3 e5 4. Bg2 Be7 5. O-O Ngf6 6. c4 c6 7. Nc3 Qc7 8. b3 Nf8 9. Bb2 h5 10. h4 Ng4 11. Rc1 g5 12. c5 gxh4 13. cxd6 Qxd6 14. Ne4 Qg6 15. Nxe5 Nxe5 16. dxe5 hxg3 17. fxg3 h4 18. Nf6+ Bxf6 19. Rxf6 Qxg3 20. Rc3 Qg5 21. Rd3 Be6 22. Qc1 Qxc1+ 23. Bxc1 Nd7 24. Rf1 h3 25. Be4 Nxe5 26. Rg3 O-O-O 27. Bb2 Rh5 28. Kh2 Rd2 29. Bxe5 Rxe2+ 30. Kh1 Rxe4 31. Bf6 h2 32. Rg8+ Kc7 33. Bd8+ Kd7 34. Rd1+ Bd5 35. Ba5 Re1# 0-1


[Site "https://www.chess.com"]

[Event "Titled Tuesday Blitz October 25 Late 2022"]
[White "Thomforde-Toates, Noah"]
[Black "Martinez Alcantara, Jose Eduardo"]
[WhiteFideId "30951992"]
[BlackFideId "3805662"]
[WhiteElo "2656"]
[BlackElo "2703"]
[Result "1/2-1/2"]
[Round "02"]
[TimeControl "180+1"]
[Date "2022.10.26"]
[WhiteClock "0:00:18"]
[BlackClock "0:00:06"]

1. d4 Nf6 2. Nc3 e6 3. Bf4 d5 4. e3 a6 5. Bd3 Bd6 6. Nf3 Nbd7 7. O-O Bxf4 8. exf4 O-O 9. Ne5 c5 10. dxc5 Nxc5 11. Ne2 Qc7 12. Nd4 b5 13. c3 Bb7 14. Bc2 Nce4 15. f3 Nd6 16. Qd3 g6 17. Rae1 Nc4 18. Nxc4 dxc4 19. Qd2 Rad8 20. g3 Rd5 21. Qe3 Qc5 22. a3 a5 23. Be4 Nxe4 24. fxe4 Rd7 25. f5 exf5 26. Rxf5 Qa7 27. Rxb5 Re8 28. e5 Rd5 29. Rxd5 Bxd5 30. Qf4 Qb8 31. Re2 Qc8 32. Rf2 Qc7 33. Qf6 Qxe5 34. Qxe5 Rxe5 35. Re2 Rh5 36. Re8+ Kg7 37. Rd8 Be4 38. Rc8 Bd3 39. Rc7 Re5 40. Kf2 h5 41. Ra7 g5 42. a4 Kg6 43. h4 f6 44. hxg5 fxg5 45. Ra6+ Kf7 46. Ra7+ Ke8 47. Ra8+ Kd7 48. Ra7+ Kc8 49. Rg7 h4 50. gxh4 gxh4 51. Rg8+ Kd7 52. Rh8 Re4 53. Kf3 Re1 54. Rxh4 Ra1 55. Kf4 Rxa4 56. Ke5 Ra2 57. Rg4 Rxb2 58. Rg7+ Kc8 59. Kd6 Be4 60. Re7 Bg2 61. Rg7 Be4 62. Re7 Bg2 63. Rg7 a4 64. Ra7 Ra2 65. Ne6 Rd2+ 66. Kc5 Ra2 67. Nd4 Ra1 68. Nb5 Kd8 69. Nd6 a3 70. Nxc4 a2 71. Nd6 Rc1 72. Rxa2 Rxc3+ 73. Kd4 Rg3 74. Ra7 Bc6 75. Ke5 Re3+ 76. Kd4 Re1 77. Kc5 Rc1+ 78. Nc4 Bd7 79. Kd6 Rd1+ 80. Kc5 Be6 81. Nd6 Rc1+ 82. Kd4 Bd7 83. Ra8+ Kc7 84. Ne4 Rd1+ 85. Ke5 Bc6 86. Ra7+ Kb6 87. Rg7 Bd7 88. Rg6+ Bc6 89. Ng5 Re1+ 90. Kf6 Bd5 91. Kg7+ Kc5 92. Rf6 Rg1 93. Rg6 Kc4 94. Nf7 Rf1 95. Ne5+ Kd4 96. Ng4 Rf7+ 97. Kh6 Ra7 98. Kg5 Ra5 99. Rf6 Be4+ 100. Kf4 Bd5 101. Rd6 Kc5 102. Rd8 Ra4+ 103. Kg5 Be6 104. Nf6 Kc6 105. Rd1 Ra5+ 106. Kg6 Bb3 107. Rc1+ Kd6 108. Re1 Bc2+ 109. Kf7 Ra7+ 110. Kg8 Bb3+ 111. Kh8 Be6 112. Ne4+ Kd5 113. Nf6+ Kd6 114. Ne4+ Kc6 115. Nf6 Bf5 116. Re5 Bg6 117. Rg5 Bd3 118. Rg7 Ra1 119. Rg5 Rf1 120. Kg7 Bc4 121. Ng4 Rf7+ 122. Kg6 Rf4 1/2-1/2


[Site "https://www.chess.com"]

[Event "Titled Tuesday Blitz October 25 Late 2022"]
[White "Tomiello, Lucas Costamilan"]
[Black "Gonzalez, Francisco Silva"]
[WhiteFideId "22701940"]
[BlackFideId "1512285"]
[WhiteElo "2085"]
[BlackElo "2159"]
[Result "1-0"]
[Round "02"]
[TimeControl "180+1"]
[Date "2022.10.26"]
[WhiteClock "0:00:12"]
[BlackClock "0:00:17"]

1. e4 e5 2. Nf3 Nc6 3. Bb5 a6 4. Ba4 Nf6 5. O-O b5 6. Bb3 Bc5 7. a4 Bb7 8. d3 d6 9. axb5 axb5 10. Rxa8 Bxa8 11. Bg5 h6 12. Bh4 g5 13. Bg3 Bb7 14. c3 Bb6 15. Re1 Bc8 16. d4 Bg4 17. dxe5 Bxf3 18. Qxf3 Nxe5 19. Qf5 Nfd7 20. Nd2 O-O 21. Nf3 Nxf3+ 22. Qxf3 Qe7 23. Qh5 Kg7 24. h4 Nf6 25. Qf3 Nd7 26. hxg5 hxg5 27. Qf5 Ne5 28. Rd1 Qf6 29. Qxf6+ Kxf6 30. Rd5 b4 31. c4 Ng4 32. Bd1 Ne5 33. c5 Ba7 34. cxd6 Nc4 35. dxc7 Nb6 36. Rd8 Kg7 37. Be2 Nc8 38. Ba6 Bb6 39. Rxf8 Bxc7 40. Rxc8 Be5 41. Bxe5+ Kg6 42. Rc6+ f6 43. Rxf6+ Kg7 44. Bc4 b3 45. Rf7+ Kg6 46. Rg7+ Kh6 47. Rg8 g4 48. Bf7 g3 49. Bf4+ Kh7 50. Rxg3 Kh8 51. Kf1 Kh7 52. Ke2 Kh8 53. Kf3 Kh7 54. Bxb3 Kh8 55. Bc4 Kh7 56. Bg8+ Kh8 57. Be5# 1-0


[Site "https://www.chess.com"]

[Event "Titled Tuesday Blitz October 25 Late 2022"]
[White "Topalov, Aleksandar"]
[Black "Makaraci, Tunahan"]
[WhiteFideId "925659"]
[BlackFideId "6356559"]
[WhiteElo "2179"]
[BlackElo "2175"]
[Result "1/2-1/2"]
[Round "02"]
[TimeControl "180+1"]
[Date "2022.10.26"]
[WhiteClock "0:00:06"]
[BlackClock "0:00:16"]

1. b3 d5 2. Bb2 c6 3. Nf3 Bg4 4. g3 Nd7 5. Bg2 Ngf6 6. O-O e6 7. d3 Be7 8. Nbd2 O-O 9. e3 Qc7 10. Qe1 e5 11. e4 d4 12. Nh4 Nh5 13. h3 Be6 14. Nf5 Bf6 15. Bf3 g6 16. Bxh5 gxf5 17. exf5 Bxf5 18. Kh2 Bg6 19. Bf3 Rfe8 20. Ne4 Bg7 21. g4 Nf6 22. Kg2 Nd5 23. Bc1 Rf8 24. Bd2 f5 25. gxf5 Rxf5 26. Bg4 Nf4+ 27. Bxf4 Rxf4 28. Qe2 Raf8 29. Ng3 Bf6 30. Rae1 c5 31. a4 a6 32. Be6+ Kh8 33. Bd5 b5 34. axb5 axb5 35. Be4 Bxe4+ 36. Nxe4 Rg8+ 37. Kh2 Be7 38. Rg1 Rff8 39. Rxg8+ Rxg8 40. Rg1 Rxg1 41. Kxg1 Qd7 42. Qg4 Qxg4+ 43. hxg4 Kg7 44. Kg2 Kf7 45. Kg3 Ke6 46. Kf3 Kd5 47. g5 c4 48. bxc4+ bxc4 49. Kg4 cxd3 50. cxd3 Ke6 51. Kh5 Kf5 52. Kh6 Kf4 53. Kxh7 Bxg5 54. Kg7 Bh4 55. Kf7 Bxf2 56. Nxf2 Ke3 57. Ng4+ Kf4 58. Nf2 Ke3 59. Ng4+ Kxd3 60. Nxe5+ Ke4 61. Ke6 Kf4 62. Kd6 Kf5 63. Kd5 d3 64. Nxd3 1/2-1/2


[Site "https://www.chess.com"]

[Event "Titled Tuesday Blitz October 25 Late 2022"]
[White "Vlassov, Nikolai"]
[Black "Mirzoeva, Elmira"]
[WhiteFideId "4103360"]
[BlackFideId "4127951"]
[WhiteElo "2324"]
[BlackElo "2161"]
[Result "0-1"]
[Round "02"]
[TimeControl "180+1"]
[Date "2022.10.26"]
[WhiteClock "0:00:08"]
[BlackClock "0:00:38"]

1. e4 d6 2. f4 c5 3. Nc3 Nc6 4. Nf3 g6 5. d3 Bg7 6. h3 e5 7. g4 Nge7 8. f5 d5 9. Bg5 f6 10. Bd2 Nd4 11. Bg2 h5 12. O-O hxg4 13. hxg4 dxe4 14. dxe4 Bd7 15. Be3 Qb6 16. Rb1 O-O 17. Rf2 Rad8 18. Qf1 gxf5 19. Qc4+ Be6 20. Qf1 f4 21. Bd2 Bxg4 22. Na4 Qb5 23. Qxb5 Nxb5 24. Nxc5 b6 25. Nd3 Nc6 26. Nh2 Be6 27. b3 Nbd4 28. Bc3 Kf7 29. Kf1 Rh8 30. Nf3 Bh3 31. Bxd4 Nxd4 32. Nxd4 Rxd4 33. Ke2 Bxg2 34. Rxg2 Bf8 35. Nf2 Bc5 36. c3 Rd6 37. Nd3 Be3 38. Rd1 Rhd8 39. Rh2 Bc5 40. Rhh1 f3+ 41. Kxf3 Rxd3+ 42. Rxd3 Rxd3+ 43. Kg4 Re3 44. Rh7+ Ke6 45. Rxa7 Rxe4+ 46. Kg3 Rf4 47. b4 Bf2+ 48. Kg2 Be1 49. Rb7 Bxc3 50. Rxb6+ Kd5 51. b5 Ra4 52. Rxf6 e4 53. Rf5+ Kd4 54. b6 Rxa2+ 55. Kg3 Rb2 56. Rf6 Kd3 57. Rd6+ Bd4 58. Kf4 Rxb6 0-1


[Site "https://www.chess.com"]

[Event "Titled Tuesday Blitz October 25 Late 2022"]
[White "Vovk, Orest"]
[Black "Miszler, Levente"]
[WhiteFideId "14113490"]
[BlackFideId "763276"]
[WhiteElo "2215"]
[BlackElo "2176"]
[Result "1-0"]
[Round "02"]
[TimeControl "180+1"]
[Date "2022.10.26"]
[WhiteClock "0:01:36"]
[BlackClock "0:00:10"]

1. h4 d5 2. h5 Nc6 3. e4 dxe4 4. Nc3 Nf6 5. Rh4 e5 6. Nxe4 Bf5 7. Ng3 Be6 8. Bb5 Qd5 9. Qe2 O-O-O 10. Bxc6 Qxc6 11. Nf3 Bd6 12. d3 Rhe8 13. Ng5 Qxg2 14. Nxe6 Rxe6 15. Be3 Qg1+ 16. Nf1 e4 17. d4 Qg2 18. O-O-O Qf3 19. Qxf3 exf3 20. Rh3 Re4 21. Rxf3 Nxh5 22. Rxf7 Re7 23. Rf3 Nf6 24. c4 c6 25. Ng3 Bc7 26. Nf5 Red7 27. Nxg7 Be5 28. Ne6 Re8 29. dxe5 Rxd1+ 30. Kxd1 Rxe6 31. exf6 1-0


[Site "https://www.chess.com"]

[Event "Titled Tuesday Blitz October 25 Late 2022"]
[White "Weisz, Bryan"]
[Black "Florescu, Codrut-Constantin"]
[WhiteFideId "30934133"]
[BlackFideId "1202200"]
[WhiteElo "2268"]
[BlackElo "2191"]
[Result "0-1"]
[Round "02"]
[TimeControl "180+1"]
[Date "2022.10.26"]
[WhiteClock "0:00:09"]
[BlackClock "0:01:40"]

1. e4 c5 2. Nf3 e6 3. d4 cxd4 4. Nxd4 a6 5. a3 Nf6 6. Nc3 d6 7. g4 b5 8. g5 Nfd7 9. h4 Bb7 10. h5 Nc6 11. Be3 Rc8 12. Rg1 Nce5 13. g6 hxg6 14. hxg6 Nf6 15. gxf7+ Kxf7 16. f4 Nc4 17. Bxc4 Rxc4 18. f5 Nxe4 19. Nxe4 Bxe4 20. Nxe6 Qh4+ 21. Bf2 Qf6 22. Bd4 Qxf5 23. Rf1 Rh1 24. Bg1 Rxg1 25. Qh5+ Kxe6 26. Qe8+ Be7 27. Rxg1 Rxc2 28. Rf1 Qe5 29. Qf7+ Kd7 30. Rf2 Bd5+ 31. Kf1 Bxf7 0-1


[Site "https://www.chess.com"]

[Event "Titled Tuesday Blitz October 25 Late 2022"]
[White "Wieczorek, Oskar"]
[Black "Rengifo Blancas, Renzo Jhonathan"]
[WhiteFideId "1133950"]
[BlackFideId "3807185"]
[WhiteElo "2404"]
[BlackElo "2058"]
[Result "1-0"]
[Round "02"]
[TimeControl "180+1"]
[Date "2022.10.26"]
[WhiteClock "0:00:39"]
[BlackClock "0:00:01"]

1. e4 e5 2. Nf3 Nc6 3. Nc3 Nf6 4. h3 Bb4 5. Nd5 d6 6. Nxb4 Nxb4 7. c3 Nc6 8. d4 exd4 9. cxd4 O-O 10. d5 Ne5 11. Nd4 Nxe4 12. Be2 Ng6 13. O-O Qf6 14. Nb5 Qe7 15. Re1 a6 16. Nc3 Nxc3 17. bxc3 Qf6 18. Be3 Bf5 19. Bd4 Qh4 20. Bf3 Rfe8 21. Qd2 Nf4 22. Be3 Nxh3+ 23. gxh3 Qxh3 24. Bg2 Qg4 25. Bf4 h5 26. Bh2 h4 27. Qf4 Qh5 28. Bf3 Qg6+ 29. Kh1 Rxe1+ 30. Rxe1 Qf6 31. c4 h3 32. Bg3 g6 33. Kh2 Kg7 34. Bh4 Qb2 35. Rg1 Rh8 36. Bg3 Qc2 37. Re1 Kg8 38. Re8+ Kh7 39. Qh4+ 1-0


[Site "https://www.chess.com"]

[Event "Titled Tuesday Blitz October 25 Late 2022"]
[White "Wieczorek, Zbigniew"]
[Black "Krastev, Alexander"]
[WhiteFideId "1102001"]
[BlackFideId "12989983"]
[WhiteElo "2337"]
[BlackElo "2528"]
[Result "1-0"]
[Round "02"]
[TimeControl "180+1"]
[Date "2022.10.26"]
[WhiteClock "0:00:04"]
[BlackClock "0:00:02"]

1. Nf3 g6 2. c4 Bg7 3. Nc3 b6 4. e4 c5 5. d4 cxd4 6. Nxd4 Bb7 7. Be2 Nc6 8. Be3 Nf6 9. f3 O-O 10. O-O d6 11. Rc1 Qd7 12. Qd2 Rfc8 13. Rfd1 Qe8 14. b3 Nxd4 15. Bxd4 Qf8 16. Qe3 Bh6 17. Qf2 Bxc1 18. Rxc1 Nd7 19. Nd5 e5 20. Be3 Bxd5 21. exd5 Qd8 22. g4 a6 23. Rf1 Rab8 24. f4 b5 25. f5 Qe7 26. f6 Qd8 27. Qh4 bxc4 28. Bxc4 a5 29. Rf3 e4 30. Rh3 h5 31. Bd4 Rxc4 32. bxc4 Rb1+ 33. Kf2 Rd1 34. Bc3 Qb6+ 35. Ke2 1-0


[Site "https://www.chess.com"]

[Event "Titled Tuesday Blitz October 25 Late 2022"]
[White "Winterberg, Lukas"]
[Black "Harish, Neeraj"]
[WhiteFideId "24622702"]
[BlackFideId "30958130"]
[WhiteElo "2349"]
[BlackElo "1815"]
[Result "1-0"]
[Round "02"]
[TimeControl "180+1"]
[Date "2022.10.26"]
[WhiteClock "0:00:32"]
[BlackClock "0:00:06"]

1. Nc3 d5 2. d4 Nf6 3. Bf4 c5 4. e4 dxe4 5. dxc5 Qxd1+ 6. Rxd1 a6 7. f3 exf3 8. Nxf3 Bg4 9. Bc4 Nc6 10. O-O e6 11. Na4 Be7 12. h3 Bf5 13. Bd3 Bxd3 14. Rxd3 O-O 15. Rfd1 Rad8 16. a3 a5 17. Bd6 Bxd6 18. cxd6 Nd5 19. c4 Nf4 20. R3d2 e5 21. g3 Ne6 22. c5 f6 23. Kf2 Ncd4 24. Nxd4 Nxd4 25. Rxd4 exd4 26. Rxd4 Kf7 27. Nb6 Ke6 28. Nc4 f5 29. Nxa5 g6 30. Nxb7 Rc8 31. d7 Rb8 32. d8=Q Rbxd8 33. Nxd8+ 1-0


[Site "https://www.chess.com"]

[Event "Titled Tuesday Blitz October 25 Late 2022"]
[White "Xiong, Jeffery"]
[Black "Curtis, John"]
[WhiteFideId "2047640"]
[BlackFideId "3200256"]
[WhiteElo "2725"]
[BlackElo "2203"]
[Result "1-0"]
[Round "02"]
[TimeControl "180+1"]
[Date "2022.10.26"]
[WhiteClock "0:02:11"]
[BlackClock "0:01:03"]

1. d4 Nf6 2. c4 e6 3. Nc3 d5 4. cxd5 exd5 5. Bg5 c6 6. e3 Be7 7. Bd3 O-O 8. Nge2 Nbd7 9. Qc2 Re8 10. O-O Nf8 11. Rae1 Nh5 12. Bxe7 Rxe7 13. b4 a6 14. a4 g6 15. b5 axb5 16. axb5 Bd7 17. Ra1 Re8 18. Rxa8 Qxa8 19. Na4 cxb5 20. Nb6 Qd8 21. Nxd5 Nf6 22. Nxf6+ Qxf6 23. Rb1 Rc8 24. Qb2 Bf5 25. Bxf5 Qxf5 26. Qxb5 Qxb5 27. Rxb5 Rc2 28. Kf1 Rc7 29. Nf4 Nd7 30. Nd5 Rc1+ 31. Ke2 Rc2+ 32. Kf3 b6 33. Nxb6 Nxb6 34. Rxb6 h5 35. d5 Kf8 36. e4 Rd2 37. Ke3 Rd1 38. Rb2 Ke7 39. Rd2 Rg1 40. g3 h4 41. e5 h3 42. f3 Re1+ 43. Kf4 Rg1 44. d6+ Kd7 45. Rc2 Rg2 46. Rc7+ Kd8 47. Rxf7 Rxh2 48. e6 1-0


[Site "https://www.chess.com"]

[Event "Titled Tuesday Blitz October 25 Late 2022"]
[White "Yano, William Jorge Froes"]
[Black "Aggelis, Nikolaos"]
[WhiteFideId "2112949"]
[BlackFideId "4213220"]
[WhiteElo "2122"]
[BlackElo "2187"]
[Result "1-0"]
[Round "02"]
[TimeControl "180+1"]
[Date "2022.10.26"]
[WhiteClock "0:00:15"]
[BlackClock "0:00:05"]

1. e4 c6 2. Nc3 d5 3. Qf3 dxe4 4. Nxe4 Nd7 5. d4 Ngf6 6. Bc4 e6 7. Bg5 Be7 8. Bxf6 Nxf6 9. O-O-O Qa5 10. Kb1 O-O 11. Ne2 Qf5 12. Nxf6+ Bxf6 13. Qe3 b5 14. Bd3 Qd5 15. g4 a5 16. Nf4 Qd6 17. Nh5 Be7 18. Rhg1 a4 19. Rg3 b4 20. Rh3 h6 21. f4 b3 22. a3 bxc2+ 23. Bxc2 Rb8 24. g5 g6 25. Nf6+ Bxf6 26. gxf6 Qd8 27. Qe5 Rb5 28. d5 Rxd5 29. Rxd5 Qxd5 30. Bxa4 Qh1+ 31. Ka2 Qd5+ 32. Bb3 Qxe5 33. fxe5 Rd8 34. Rxh6 Rd2 35. Rh3 Re2 36. Rd3 Ba6 37. Rd8+ Kh7 38. Rf8 Rxe5 39. Rxf7+ Kg8 40. Rg7+ Kf8 41. Rxg6 Bd3 42. Rh6 Rf5 43. Bxe6 Rf2 44. Rh8# 1-0


[Site "https://www.chess.com"]

[Event "Titled Tuesday Blitz October 25 Late 2022"]
[White "Yedidia, Daniel"]
[Black "Dardha, Daniel"]
[WhiteFideId "30905907"]
[BlackFideId "240990"]
[WhiteElo "2550"]
[BlackElo "2528"]
[Result "0-1"]
[Round "02"]
[TimeControl "180+1"]
[Date "2022.10.26"]
[WhiteClock "0:00:02"]
[BlackClock "0:01:14"]

1. d4 d5 2. c4 e6 3. Nc3 Be7 4. Bf4 Nf6 5. e3 O-O 6. Bd3 dxc4 7. Bxc4 c5 8. Nf3 a6 9. O-O b5 10. Be2 Nbd7 11. Ne5 Bb7 12. Bf3 Qc8 13. Nxd7 Qxd7 14. dxc5 Qxd1 15. Rfxd1 Bxf3 16. gxf3 Bxc5 17. Bd6 Rfc8 18. Rac1 h6 19. a3 Bxd6 20. Rxd6 Nd5 21. Ne2 Rxc1+ 22. Nxc1 Kf8 23. Rd7 Nb6 24. Rb7 Nc4 25. Nd3 Rd8 26. Nc5 Rd1+ 27. Kg2 Rd2 28. Nxa6 Nxe3+ 29. Kg3 Nf5+ 30. Kg2 Rxb2 31. a4 Nd6 32. Rb8+ Ke7 33. axb5 Rxb5 34. Rg8 Nf5 35. Nb8 Rb3 36. Nc6+ Kf6 37. Rf8 Nh4+ 38. Kf1 Nxf3 39. h3 Rb1+ 40. Ke2 Ng1+ 41. Ke3 Nxh3 42. f4 Rb3+ 43. Ke4 Nf2+ 44. Kd4 Rd3+ 45. Kc5 Rd5+ 46. Kc4 Rf5 0-1


[Site "https://www.chess.com"]